 Dungeon Crawl Stone Soup version 0.21.1-1-g345015fe64 (webtiles) character file.

373 Blank the Poker (level 6, -4/44 HPs)
             Began as a Merfolk Skald on Mar 19, 2018.
             Was an Initiate of Okawaru.
             Slain by a gnoll
             ... wielding a +0 spear
              (7 damage)
             ... on level 4 of the Dungeon.
             The game lasted 00:06:24 (4483 turns).

Blank the Poker (Merfolk Skald)                     Turns: 4483, Time: 00:06:24

Health: -4/44      AC:  4    Str: 12    XL:     6   Next: 71%
Magic:  2/9        EV: 12    Int: 14    God:    Okawaru [......]
Gold:   178        SH:  0    Dex: 13    Spells: 3/9 levels left

rFire    . . .     SeeInvis .   a - +0 spear
rCold    . . .     Gourm    .   (no shield)
rNeg     . . .     Faith    .   b - +0 leather armour
rPois    .         Spirit   .   (no helmet)
rElec    .         Reflect  .   (no cloak)
rCorr    .         Harm     .   f - +0 pair of gloves
MR       .....                  (no boots)
Stlth    +.........             (no amulet)
HPRegen  0.14/turn              (no ring)
MPRegen  0.11/turn              (no ring)

@: no status effects
A: change form in water, swift swim, stealthy swim
a: Renounce Religion


You were on level 4 of the Dungeon.
You worshipped Okawaru.
Okawaru was noncommittal.
You were not hungry.

You visited 1 branch of the dungeon, and saw 4 of its levels.

You collected 178 gold pieces.

Inventory:

Hand Weapons
 a - a +0 spear (weapon)
Armour
 b - a +0 leather armour (worn)
 f - a +0 pair of gloves (worn)
Wands
 h - a wand of iceblast (9)
 i - a wand of acid (6)
Scrolls
 e - a scroll of amnesia {unknown}
 g - a scroll of identify {unknown}
 j - a scroll of enchant armour {unknown}
 k - a scroll of magic mapping {unknown}
 n - a scroll of random uselessness {unknown}
Potions
 l - a potion of curing
Books
 c - a book of Battle

   Spells                             Type                      Level
   a - Infusion                       Charms                       1
   b - Shroud of Golubria             Charms/Translocation         2
   c - Song of Slaying                Charms                       2
   d - Spectral Weapon                Hexes/Charms                 3
   e - Regeneration                   Charms/Necromancy            3
 m - a book of Misfortune

   Spells                             Type                      Level
   a - Confusing Touch                Hexes                        1
   b - Confuse                        Hexes                        3
   c - Gell's Gravitas                Translocation                3
   d - Petrify                        Transmutation/Earth          4
   e - Metabolic Englaciation         Hexes/Ice                    5
   f - Yara's Violent Unravelling     Hexes/Transmutation          5
Comestibles
 d - 3 rations


   Skills:
 - Level 2.1 Fighting
 + Level 7.1 Polearms
 + Level 2.2 Armour
 - Level 2.6 Dodging
 - Level 2.0 Spellcasting
 + Level 1.1 Hexes
 - Level 5.0 Charms


You had 3 spell levels left.
You knew the following spells:

 Your Spells              Type           Power        Failure   Level  Hunger
a - Infusion              Chrm           ###.         3%          1    ##.....
b - Song of Slaying       Chrm           ###.....     6%          2    ###....
c - Spectral Weapon       Hex/Chrm       ##......     26%         3    ####...


Dungeon Overview and Level Annotations

Branches:
Dungeon (4/15)
 Temple: D:4-7

Altars:
Ashenzari
Okawaru
Sif Muna


Message History

The gnoll barely misses you. The gnoll misses you.
You hit the gnoll but do no damage.
The gnoll is almost dead.
The gnoll barely misses you.
You hit the gnoll.
You kill the gnoll!
Okawaru accepts your kill.
The gnoll hits you from afar with a spear.
* * * LOW HITPOINT WARNING * * *
The gnoll hits you but does no damage.
Things that are here:
a spear; a scroll labeled FUTHIBRIUSS; a gnoll corpse You hit the gnoll but do no damage.
The gnoll barely misses you.
You closely miss the gnoll. The gnoll misses you.
You hit the gnoll.
The gnoll is moderately wounded.
You hit the gnoll.
The gnoll is heavily wounded.
The gnoll hits you with a spear!
You die...

...##.#...# #.............#
#.....#...####...#####.###.######
.................................
......##########.######.##....###
...##.# #.# #.##....# # (..##.#
#.# #.##....# # ...##.# #.#
#..#.#.## # #####.# ###?#
##.#.#.# # #.. ..#@# #...#.# #
##########.#g# ##..#.# #
.........#g# #..#.####
.........#.# #..#.#...
......g..#.# #..#.#.##
......†..).# ##.#.#.##
############ #.#.#.## #.....#.
#######..###.


You could see a gnoll shaman and a gnoll.

Vanquished Creatures
  The ghost of Blank the Poker, an amateur MfSk (D:3)
  An orc priest (D:3)
  2 worker ants (D:4)
  4 gnolls (D:4)
  5 adders
  An ooze (D:4)
  An adder skeleton (D:4)
  3 dart slugs (D:1)
  3 leopard geckos
  10 orcs
  A ball python (D:2)
  5 bats
  2 giant cockroaches
  8 hobgoblins
  2 frilled lizards (D:2)
  7 goblins
  9 kobolds
  A leopard gecko skeleton (D:4)
  4 rats
70 creatures vanquished.

Notes
Turn   | Place    | Note
-------+----------+-------------------------------------------
     0 | D:1      | Blank the Merfolk Skald began the quest for the Orb.
     0 | D:1      | Reached XP level 1. HP: 16/16 MP: 3/3
   401 | D:1      | Reached XP level 2. HP: 22/22 MP: 5/5
   648 | D:1      | Reached skill level 4 in Polearms
  1167 | D:1      | Reached XP level 3. HP: 26/27 MP: 6/6
  1457 | D:2      | Found a deep blue altar of Sif Muna.
  1578 | D:2      | Found a faded altar of an unknown god.
  1666 | D:2      | Reached XP level 4. HP: 7/33 MP: 0/7
  2234 | D:3      | Reached skill level 5 in Polearms
  2281 | D:3      | Found a shattered altar of Ashenzari.
  2360 | D:3      | Noticed Blank's ghost (amateur MfSk)
  2398 | D:2      | HP: 1/33 [poisoned by a kobold]
  3100 | D:3      | Reached XP level 5. HP: 10/38 MP: 0/8
  3104 | D:3      | Reached skill level 5 in Charms
  3542 | D:3      | Learned a level 2 spell: Song of Slaying
  3586 | D:3      | Found an iron altar of Okawaru.
  3624 | D:3      | Killed Blank's ghost
  3624 | D:3      | Reached skill level 6 in Polearms
  3624 | D:3      | Reached skill level 1 in Armour
  3624 | D:3      | Reached XP level 6. HP: 44/44 MP: 5/9
  3889 | D:3      | Became a worshipper of Warmaster Okawaru
  4000 | D:4      | Learned a level 3 spell: Spectral Weapon
  4334 | D:4      | Reached skill level 7 in Polearms
  4463 | D:4      | Reached skill level 1 in Hexes
  4478 | D:4      | HP: 2/44 [gnoll/spear (5)]
  4483 | D:4      | Slain by a gnoll

Skill      XL: |  1  2  3  4  5  6 |
---------------+-------------------+-----
Polearms       | 4 5 6 7 |  7.1
Charms         | 4 5 |  5.0
Armour         | 1 2 |  2.2
Hexes          | 1 |  1.1
Fighting       | |  2.1
Dodging        | |  2.6
Spellcasting   | |  2.0

Action                   |  1- 3 |  4- 6 || total
-------------------------+-------+-------++-------
Melee: Spear             |   144 |   199 ||   343
 Cast: Infusion          |    11 |     9 ||    20
Evoke: Wand              |       |     4 ||     4
  Use: Potion            |       |     3 ||     3
  Eat: Ration            |     1 |     3 ||     4
Armor: Leather armour    |    31 |    18 ||    49
       Skin              |       |     4 ||     4
Dodge: Dodged            |    68 |    83 ||   151
